 Crawl Stoat Soup version 0.23-ish-327-95-g181beea39d (console) character file.

81471 hilarita the Gelid (level 15, -6/103 HPs)
             Began as a Faerie Dragon Ice Elementalist on Apr 6, 2024.
             Was the Champion of Vehumet.
             Mangled by Azrael
             ... wielding a +4 scimitar of flaming
              (10 damage)
             ... on level 14 of the Dungeon on Apr 7, 2024.
             The game lasted 01:18:05 (26272 turns).

hilarita the Gelid (FDIE)                          Turns: 26272, Time: 01:18:06

Health: -6/103     AC: 21    Str:  4    XL:     15   Next: 70%
Magic:  1/33       EV: 21    Int: 29    God:    Vehumet [******]
Gold:   3524       SH: 11    Dex: 19    Spells: 13/43 levels left

rFire    x . .     SeeInvis .   V - +11 quarterstaff {drain, rElec MR+ Str-3 Int+7 Dex+4}
rCold    + + .     Gourm    .   (shield currently unavailable)
rNeg     . . .     Faith    .   (armour unavailable)
rPois    .         Spirit   .   (helmet restricted)
rElec    +         Warding  .   H - +0 cloak
rCorr    .         Reflect  +   N - +0 pair of gloves
MR       ++...     Harm     .   (no boots)
Stlth    +.........             d - +5 amulet of reflection
HPRegen  0.27/turn              C - ring of ice
MPRegen  0.23/turn              y - ring of ice

@: icy armour, flying, slow
A: small, sparkly, unfitting armour, fire resistance 1, wild magic 1, magic
attunement, magical scales, able to fly
a: Stop Flying, Renounce Religion


You were on level 14 of the Dungeon.
You worshipped Vehumet.
Vehumet was exalted by your worship.
You were hungry.

You visited 2 branches of the dungeon, and saw 20 of its levels.
You also visited: Sewer.

You collected 3524 gold pieces.

Inventory:

Hand Weapons
 e - a +2 dagger of electrocution
 V - the +11 quarterstaff of Eternal Vigilance (weapon) {drain, rElec MR+ Str-3 Int+7 Dex+4}
   (You found it on level 6 of the Lair of Beasts)

   A truly terrible weapon, it drains the life of those it strikes.
   It affects your strength (-3).
   It affects your intelligence (+7).
   It affects your dexterity (+4).
   It insulates you from electricity.
   It affects your resistance to hostile enchantments.
Missiles
 c - 423 arrows
 l - 492 stones (quivered)
Armour
 H - a +0 cloak (worn)
 N - a +0 pair of gloves (worn)
Jewellery
 d - a +5 amulet of reflection (around neck)
 y - a ring of ice (right hand)
 A - an uncursed ring of protection from cold
 C - a ring of ice (left hand)
 F - a +6 ring of protection
 G - an uncursed amulet of harm
 M - a +6 ring of strength
 S - an uncursed ring of protection from fire
 T - an uncursed ring of protection from magic
Wands
 i - a wand of random effects (23 charges)
 r - 3 wands of flame (64 charges)
 v - a wand of polymorph (16 charges)
 w - 3 wands of iceblast (18 charges)
 B - 2 wands of mindburst (19 charges)
 D - 2 wands of paralysis (23 charges)
 U - a wand of acid (6 charges)
Scrolls
 h - 13 scrolls of teleportation
 n - 4 scrolls of fog
 s - 5 scrolls of magic mapping
 u - 2 scrolls of enchant armour
 E - 5 scrolls of amnesia
 I - a scroll of holy word
 J - 9 scrolls of remove curse
 L - a scroll of vulnerability
 Q - 2 scrolls of immolation
 R - 2 scrolls of fear
 W - 2 scrolls of identify
Potions
 a - 2 potions of might
 f - 6 potions of mutation
 j - 4 potions of heal wounds
 k - 2 potions of berserk rage
 m - 7 potions of curing
 o - 5 potions of cancellation
 p - 5 potions of magic
 q - 3 potions of brilliance
 t - 2 potions of haste
 x - 3 potions of invisibility
 K - 3 potions of ambrosia
 P - 3 potions of lignification
 X - 2 potions of agility
Comestibles
 b - 25 bread rations
 g - 14 meat rations
 z - 11 fruits


   Skills:
 - Level 10.0 Fighting
 - Level 10.0 Dodging
 - Level 1.2 Stealth
 + Level 14.7 Spellcasting
 - Level 7.0 Conjurations
 - Level 5.0 Charms
 - Level 8.0 Summonings
 - Level 16.0 Ice Magic
 + Level 9.7 Evocations


You had 13 spell levels left.
You knew the following spells:

 Your Spells              Type           Power        Failure   Level  Hunger
a - Freeze                Ice            25/25        1%          1    None
b - Throw Frost           Conj/Ice       50/50        1%          2    None
c - Ozocubu's Armour      Chrm/Ice       100/100      1%          3    None
d - Summon Ice Beast      Ice/Summ       100/100      1%          4    None
e - Throw Icicle          Conj/Ice       100/100      1%          4    None
f - Sandblast             Erth           27/50        1%          1    None
g - Dazzling Spray        Conj/Hex       50/50        1%          3    None
h - Bolt of Cold          Conj/Ice       131/200      1%          6    None
i - Magic Dart            Conj           25/25        1%          1    None
j - Mephitic Cloud        Conj/Pois/Air  45/100       1%          3    None
k - Blink                 Tloc           27/50        6%          2    None

Your spell library contained the following spells:

 Spells                   Type           Power        Failure   Level  Hunger
 Poisonous Vapours        Pois/Air       27/50        1%          2    None
 Conjure Flame            Conj/Fire      53/100       1%          3    None
 Sticky Flame             Conj/Fire      53/100       2%          4    None
 Fireball                 Conj/Fire      53/200       6%          5    None
 Olgreb's Toxic Radiance  Pois           27/100       9%          4    None
 Yara's Violent Unravell  Hex/Tmut       27/200       21%         5    None
 Spellforged Servitor     Conj/Summ      71/200       28%         7    None
 Summon Small Mammal      Summ           25/25        1%          1    None
 Call Imp                 Summ           73/100       1%          2    None
 Call Canine Familiar     Summ           73/100       1%          3    None
 Summon Guardian Golem    Hex/Summ       55/100       2%          3    None
 Inner Flame              Hex/Fire       27/100       3%          3    None
 Slow                     Hex            27/100       6%          2    None
 Summon Lightning Spire   Summ/Air       55/100       7%          4    None
 Portal Projectile        Hex/Tloc       27/50        11%         3    None
 Cause Fear               Hex            27/200       30%         4    None
 Leda's Liquefaction      Hex/Erth       27/200       30%         4    None
 Ring of Flames           Chrm/Fire      46/200       100%        7    None


Dungeon Overview and Level Annotations

Branches:
Dungeon (14/15)            Temple (0/1) D:4            Lair (6/6) D:10
 Shoals (0/4) Lair:2        Snake (0/4) Lair:2        Slime (0/5) Lair:6
    Orc (0/2) D:12
 Vaults: D:13-14

Altars:
Cheibriados
Dithmenos
Gozag Ihp'ix
Makhleb
Okawaru
Qazlal
Sif Muna
Vehumet
Wu Jian
Xom
Jiyva

Shops:
D:4 *

Annotations:
Lair:5 2 transporters


Innate Abilities, Weirdness & Mutations

Your sparkly wings attract attention (Stealth-).
You are small and have problems with some larger weapons.
You cannot fit into any form of body armour.
Your spells do not cause hunger; their MP costs are reduced by 1.
Your shimmering scales repel attacks (AC +6, SH +6).
You can fly continuously.
Your flesh is heat resistant. (rF+)
Your spells are a little harder to cast, but a little more powerful.


Message History

As you read the scroll of teleportation, it crumbles to dust.
You feel strangely unstable. The vault guard barely misses you.
Something unseen opens the door.
You block the vault guard's attack.
A hell hound and a phantom come into view.
A hell hound comes into view.
Found 26 bolts.
The vault guard hits you with an enchanted war axe!
* * * LOW HITPOINT WARNING * * *
Casting: Freeze (safe; 1% risk of failure)
Confirm with . or Enter, or press ? or * to list all spells.
You feel a strong surge of power! A film of ice covers your body!
Your surroundings suddenly seem different.
A hell hound comes into view.
The hell hound barks! x3
A hell hound comes into view.
You block the hell hound's attack.
A fire elemental comes into view.
Azrael hits you with a runed scimitar!
You die...

. ..+......#.........p.......#
.#..#......'.........p.....).#
#...#......#............%....#
#...##.....#.................#
#...##.....#......W........##.
####...##...###..###'##.#######
. ..##...##...###+###.. ###
##.#....#....'.......
.##........>.#..h.h
..#.####..####..h# ..###..##.#
#..@# )(##....#.#...$hRh.....#
.†#'....#.#....E........
##.##..##.#...§$.....$.#
.#'#####..#...........<#
##.##....#####...#######
)...#.#.######...#
##)##...#....+....?#
.###....+....# ...#
........#....# ....+
####...###..# ...#


You could see Azrael, a fire elemental, a phantom and 4 hell hounds.

Vanquished Creatures
  Rupert (Lair:4)
  Maud (Lair:5)
  Louise (D:14)
  6 hydras
  6 vault guards (D:14)
  An ice dragon (Lair:6)
  Harold (D:9)
  3 two-headed ogres
  11 death yaks
  Sonja (D:11)
  A fire crab (shapeshifter) (D:13)
  An unseen horror (D:14)
  An orc knight (D:12)
  2 lindwurms (Lair:6)
  A wolf spider zombie (D:13)
  An ugly thing (D:12)
  2 wolf spiders (Lair:6)
  A griffon (Lair:6)
  2 deep elf magi (D:14)
  An oklob plant (Lair:6)
  2 cyclopes (D:14)
  4 manticores
  2 centaur zombies
  A guardian serpent (Lair:6)
  5 gargoyles
  5 torpor snails (Lair:6)
  13 spiny frogs
  8 black mambas
  9 komodo dragons
  3 rime drakes
  3 red devils (D:12)
  7 fireflies (Lair:6)
  2 trolls (D:11)
  2 tengu conjurers (D:13)
  2 polar bears
  3 hornets
  17 blink frogs
  Grinder (D:4)
  6 dream sheep (Lair:6)
  4 slime creatures (D:12)
  2 ravens
  Sigmund (D:2)
  A wraith (D:10)
  A vampire (D:13)
  2 redbacks (Lair:6)
  A water elemental (D:12)
  45 yaks
  A tarantella (shapeshifter) (D:14)
  2 spriggans
  15 wyverns
  2 shadows (D:13)
  2 hungry ghosts
  Eustachio (D:6)
  5 basilisks
  10 hippogriffs
  2 nagas (Lair:2)
  14 water moccasins
  6 porcupines
  2 ice beasts
  5 black bears
  6 orc warriors
  2 sky beasts
  An eye of draining (shapeshifter) (D:13)
  9 wolves
  An eye of draining (D:14)
  5 ogres
  11 crocodiles
  11 centaurs
  6 phantoms
  4 brain worms
  3 big kobolds
  14 bullfrogs
  A wyvern zombie (D:14)
  A wyvern skeleton (D:5)
  6 scorpions
  17 killer bees
  14 wights
  A howler monkey (D:5)
  3 goliath beetles
  2 bullfrog zombies
  11 orc priests
  10 hounds
  11 jellies
  21 orc wizards
  3 bullfrog skeletons
  6 centaur skeletons
  Jessica (D:3)
  Terence (D:3)
  3 iguanas
  16 worker ants
  7 hound skeletons
  A howler monkey zombie (D:9)
  A worker ant zombie (D:11)
  4 gnolls
  16 adders
  6 river rats (Sewer)
  4 shadow imps
  2 white imps
  2 ufetubi
  4 oozes (Lair:6)
  An adder skeleton (D:4)
  6 worms
  A dart slug (D:1)
  6 leopard geckos
  68 orcs
  3 giant cockroaches (D:3)
  3 goblins
  6 hobgoblins
  13 jackals
  11 kobolds
  A weasel (D:4)
  20 ball pythons
  3 bats (D:1)
  4 frilled lizards
  A leopard gecko skeleton (D:4)
  A leopard gecko zombie (D:5)
  29 rats
  A weasel skeleton (D:6)
  3 plants (Lair:6)
693 creatures vanquished.

Vanquished Creatures (collateral kills)
  Snorg (D:10)
  A red devil (D:12)
  10 yaks
  A black bear (D:8)
  A phantom (D:5)
  A wyvern zombie (D:11)
  A killer bee (D:11)
  3 wights
  A jelly (D:10)
  An iguana (D:9)
  An orc wizard (D:9)
  A white imp (D:7)
  An ufetubus (D:9)
  An orc (D:9)
25 creatures vanquished.

Vanquished Creatures (others)
  An orc wizard (D:5)
  An adder (D:5)
  8 orcs
  A bush (Lair:3)
  8 fungi
  35 plants
54 creatures vanquished.

Grand Total: 772 creatures vanquished

Notes
Turn   | Place    | Note
-------+----------+-------------------------------------------
     0 | D:1      | hilarita the Faerie Dragon Ice Elementalist began the quest
                  | for the Orb.
     0 | D:1      | Reached XP level 1. HP: 11/11 MP: 3/3
    93 | D:1      | Reached XP level 2. HP: 16/18 MP: 3/5
   149 | D:1      | Reached skill level 4 in Ice Magic
   528 | D:1      | Reached skill level 1 in Fighting
   528 | D:1      | Reached XP level 3. HP: 12/23 MP: 7/7
   532 | D:1      | Learned a level 2 spell: Throw Frost
   536 | D:1      | Learned a level 3 spell: Ozocubu's Armour
   912 | D:2      | Reached XP level 4. HP: 28/28 MP: 8/8
   943 | D:2      | Found a shimmering altar of Xom.
   979 | D:2      | Noticed Sigmund
   987 | D:2      | Killed Sigmund
   987 | D:2      | Reached skill level 1 in Charms
   987 | D:2      | Reached skill level 5 in Ice Magic
   987 | D:2      | Reached XP level 5. HP: 34/34 MP: 5/10
  1161 | D:3      | Noticed Terence
  1168 | D:3      | Killed Terence
  1168 | D:3      | Reached XP level 6. HP: 39/39 MP: 5/11
  1359 | D:3      | Found a glowing drain.
  1374 | Sewer    | Entered a sewer
  1518 | Sewer    | Reached skill level 6 in Ice Magic
  1520 | Sewer    | Noticed damerell's ghost (amateur FoVM)
  1526 | Sewer    | Witnessed revenge of damerell's ghost on a river rat.
  1538 | Sewer    | Learned a level 4 spell: Summon Ice Beast
  1807 | Sewer    | Reached XP level 7. HP: 42/45 MP: 9/13
  1814 | Sewer    | Reached skill level 1 in Summonings
  1947 | D:3      | Noticed Jessica
  1953 | D:3      | Killed Jessica
  2029 | D:3      | Found a shadowy altar of Dithmenos.
  2080 | D:3      | Learned a level 4 spell: Throw Icicle
  2101 | D:3      | Gained mutation: You have sharp toenails. [potion of
                  | mutation]
  2101 | D:3      | Gained mutation: You have a pair of small horns on your
                  | head. [potion of mutation]
  2102 | D:3      | Lost mutation: You have a pair of small horns on your head.
                  | [potion of mutation]
  2102 | D:3      | Lost mutation: You have sharp toenails. [potion of
                  | mutation]
  2102 | D:3      | Gained mutation: Your spells are a little harder to cast,
                  | but a little more powerful. [potion of mutation]
  2102 | D:3      | Gained mutation: Your flesh is heat resistant. (rF+)
                  | [potion of mutation]
  2151 | D:3      | Found a burning altar of Makhleb.
  2506 | D:4      | Found a radiant altar of Vehumet.
  2506 | D:4      | Found an opulent altar of Gozag.
  2509 | D:4      | Found Gozag's Platinum Reserve.
  2536 | D:4      | Became a worshipper of Vehumet
  2827 | D:4      | Reached skill level 7 in Ice Magic
  2991 | D:4      | Found a stormy altar of Qazlal.
  3127 | D:4      | Reached XP level 8. HP: 51/51 MP: 14/14
  3390 | D:4      | Found a staircase to the Ecumenical Temple.
  3399 | D:4      | Noticed Grinder
  3420 | D:4      | Killed Grinder
  3593 | D:4      | Reached skill level 5 in Spellcasting
  3861 | D:5      | Entered Level 5 of the Dungeon
  3896 | D:5      | Reached skill level 8 in Ice Magic
  3919 | D:5      | Found a snail-covered altar of Cheibriados.
  3930 | D:5      | Reached * piety under Vehumet
  3930 | D:5      | Offered knowledge of Sandblast by Vehumet.
  4051 | D:5      | Noticed ceb's ghost (novice FDNe)
  4070 | D:5      | Witnessed revenge of ceb's ghost on an orc.
  4077 | D:5      | Learned a level 1 spell: Sandblast
  4278 | D:5      | Reached XP level 9. HP: 49/58 MP: 3/16
  4406 | D:5      | Reached skill level 5 in Conjurations
  4906 | D:6      | Noticed Eustachio
  4910 | D:6      | Killed Eustachio
  5750 | D:6      | Reached skill level 9 in Ice Magic
  6346 | D:7      | Found an iron altar of Okawaru.
  6364 | D:7      | Offered knowledge of Poisonous Vapours by Vehumet.
  6367 | D:7      | Reached ** piety under Vehumet
  6654 | D:7      | Found an ornate altar of the Wu Jian Council.
  7238 | D:7      | Reached XP level 10. HP: 65/65 MP: 7/19
  7350 | D:8      | Reached skill level 5 in Charms
  7350 | D:8      | Reached skill level 10 in Ice Magic
  7578 | D:8      | Found a deep blue altar of Sif Muna.
  7653 | D:8      | Offered knowledge of Conjure Flame by Vehumet.
  7686 | D:8      | Reached skill level 5 in Fighting
  8090 | D:8      | Reached *** piety under Vehumet
  8806 | D:8      | Found a three-legged altar of Ihp'ix.
  8838 | D:8      | Reached skill level 5 in Summonings
  8913 | D:9      | Reached skill level 11 in Ice Magic
  8923 | D:9      | Offered knowledge of Dazzling Spray by Vehumet.
  8934 | D:9      | Learned a level 3 spell: Dazzling Spray
  9136 | D:9      | Noticed Harold
  9143 | D:9      | Killed Harold
  9195 | D:9      | Reached **** piety under Vehumet
  9205 | D:9      | Offered knowledge of Mephitic Cloud by Vehumet.
  9205 | D:9      | Reached XP level 11. HP: 17/72 MP: 2/22
  9711 | D:9      | Identified the Handbook of Flamy Cold
  9720 | D:9      | Learned a level 6 spell: Bolt of Cold
 10052 | D:9      | Reached skill level 12 in Ice Magic
 10215 | D:10     | Entered Level 10 of the Dungeon
 10270 | D:10     | Noticed Snorg
 10283 | D:10     | Killed Snorg
 10762 | D:10     | Learned a level 1 spell: Magic Dart
 10969 | D:10     | Reached ***** piety under Vehumet
 10969 | D:10     | Offered knowledge of Olgreb's Toxic Radiance by Vehumet.
 11351 | D:10     | Found a staircase to the Lair.
 11768 | D:11     | Noticed a manticore
 11771 | D:11     | Killed a manticore
 11771 | D:11     | Reached skill level 13 in Ice Magic
 12253 | D:11     | Noticed an eight-headed hydra
 12256 | D:11     | Killed an eight-headed hydra
 12327 | D:11     | Reached XP level 12. HP: 81/81 MP: 18/24
 12563 | D:11     | Noticed Sonja
 12571 | D:11     | Killed Sonja
 12915 | D:12     | HP: 3/81 [something/magic dart (9)]
 12925 | D:12     | HP: 1/81 [something/magic dart (4)]
 12933 | D:11     | Noticed an eight-headed hydra
 12936 | D:11     | Killed an eight-headed hydra
 12936 | D:11     | Reached skill level 14 in Ice Magic
 13686 | D:12     | Offered knowledge of Sticky Flame by Vehumet.
 13974 | D:12     | Noticed a two-headed ogre
 13977 | D:12     | Killed a two-headed ogre
 13977 | D:12     | Reached skill level 15 in Ice Magic
 14332 | D:12     | Reached skill level 10 in Spellcasting
 14759 | D:12     | Found a staircase to the Orcish Mines.
 14978 | Lair:1   | Entered Level 1 of the Lair of Beasts
 15033 | Lair:1   | Learned a level 3 spell: Mephitic Cloud
 15673 | Lair:1   | Reached XP level 13. HP: 89/89 MP: 19/27
 16149 | Lair:2   | Reached skill level 16 in Ice Magic
 16266 | Lair:2   | Found a staircase to the Shoals.
 16425 | Lair:2   | Reached skill level 5 in Dodging
 16514 | Lair:2   | Found a staircase to the Snake Pit.
 17803 | Lair:3   | Reached skill level 1 in Evocations
 18425 | Lair:3   | Offered knowledge of Yara's Violent Unravelling by Vehumet.
 18605 | Lair:4   | Reached skill level 10 in Fighting
 18618 | Lair:4   | Noticed Rupert
 18622 | Lair:4   | Killed Rupert
 19735 | Lair:5   | Reached XP level 14. HP: 99/99 MP: 8/28
 20106 | Lair:5   | Found a transporter.
 20268 | Lair:5   | Found a transporter.
 20892 | Lair:6   | Entered Level 6 of the Lair of Beasts
 20892 | Lair:6   | Noticed Maud
 20898 | Lair:5   | Killed Maud
 21186 | Lair:6   | Reached skill level 10 in Dodging
 21395 | Lair:6   | Reached skill level 5 in Evocations
 21426 | Lair:6   | Found a runed door.
 21619 | Lair:6   | Offered knowledge of Spellforged Servitor by Vehumet.
 22519 | Lair:6   | Found a runed door.
 22519 | Lair:6   | Found a viscous altar of Jiyva.
 23006 | Lair:6   | Got a blackened quarterstaff
 23007 | Lair:6   | Identified the +11 quarterstaff of Eternal Vigilance
                  | {drain, rElec MR+ Str-3 Int+7 Dex+4} (You found it on level
                  | 6 of the Lair of Beasts)
 23087 | Lair:6   | Reached XP level 15. HP: 103/103 MP: 14/32
 23626 | Lair:6   | Found a staircase to the Slime Pits.
 24301 | D:13     | Identified 3 scrolls of acquirement
 24301 | D:13     | Acquired 783 gold pieces
 24302 | D:13     | Acquired a wand of acid (6 charges)
 24303 | D:13     | Acquired 890 gold pieces
 24627 | D:13     | Reached ****** piety under Vehumet
 24841 | D:13     | Offered knowledge of Fireball by Vehumet.
 24850 | D:13     | Learned a level 2 spell: Blink
 25811 | D:14     | Noticed Louise
 25816 | D:14     | Killed Louise
 26271 | D:14     | HP: 4/103 [vault guard/enchanted war axe (16)]
 26272 | D:14     | Mangled by Azrael

Vault maps used:
D:1:      dpeg_arrival_simpleton_a
D:2:      xom_butterflies, uniq_sigmund
D:3:      lemuel_doored_altar, nicolae_dithmenos_through_a_glass_darkly,
          portal_sewer_entry_b, first_bread, uniq_terence, uniq_jessica
D:4:      minmay_skewed_foursquare, nicolae_qazlal_general_emergency,
          vehumet_altar_wand_db, nicolae_gozag_zags_fifth_avenue,
          minmay_temple_entry_statues_pillars, uniq_grinder
D:5:      beetle_altar_2
D:6:      uniq_eustachio
D:7:      kennysheep_mini_moat, overflow_temple_1_default, the_bakery
D:8:      lemuel_round_altar, lemuel_coloured_pillars_altar
D:9:      uniq_harold, uniq_psyche
D:10:     lair_entry_dummy, uniq_snorg
D:11:     nicolae_lava_and_water, uniq_sonja
D:12:     erik_orc_2, chequers_serial_rivers_small_a,
          einodemon_armed_red_devil_minivault
D:13:     nicolae_water_bricks
D:14:     erik_vaults_2, minmay_misc_feat_tiny, minmay_joined_circles,
          uniq_azrael, uniq_louise
Lair:2:   elwin_shoals_entry_rocks, guppyfry_snake_entry_garden
Lair:3:   grunt_forest_stairs_clearing
Lair:4:   roderic_ravens_nest, grunt_megastairs_2, uniq_rupert
Lair:5:   gammafunk_cloud_chamber, grunt_megastairs_4
Lair:6:   hangedman_lair_tendril_chambers, wormcave, slime_altar_2,
          lemuel_fruit_fields, infiniplex_staircase_pool_2, uniq_maud
Sewer:    sewer_minmay_w

Skill      XL: |  1  2  3  4  5  6  7  8  9 10 11 12 13 14 15 |
---------------+----------------------------------------------+-----
Ice Magic      | 4 5 6 7 8 9 11 13 15 16 | 16.0
Fighting       | 1 2 3 4 5 7 8 10 | 10.0
Spellcasting   | 3 4 5 6 7 8 10 13 14 | 14.7
Conjurations   | 2 3 4 6 7 |  7.0
Charms         | 1 2 3 4 5 |  5.0
Summonings     | 1 3 4 5 7 8 |  8.0
Dodging        | 3 8 10 | 10.0
Evocations     | 3 7 9 |  9.7
Stealth        | |  1.2

Action                   |  1- 3 |  4- 6 |  7- 9 | 10-12 | 13-15 || total
-------------------------+-------+-------+-------+-------+-------++-------
Melee: Dagger            |     1 |     3 |    39 |    17 |     2 ||    62
       Quarterstaff      |       |       |       |       |    40 ||    40
Throw: Stone             |       |       |     4 |       |     1 ||     5
 Cast: Freeze            |    51 |   103 |   197 |   160 |    42 ||   553
       Throw Frost       |       |     5 |    42 |    84 |    42 ||   173
       Ozocubu's Armour  |       |     3 |    12 |    20 |    11 ||    46
       Throw Icicle      |       |       |    43 |   160 |    70 ||   273
       Summon Ice Beast  |       |       |     6 |    28 |     3 ||    37
       Sandblast         |       |       |     4 |       |     4 ||     8
       Bolt of Cold      |       |       |       |    38 |   252 ||   290
       Dazzling Spray    |       |       |       |     1 |       ||     1
       Magic Dart        |       |       |       |       |     4 ||     4
  Use: Scroll            |     6 |     1 |    10 |    15 |    11 ||    43
       Potion            |       |       |     2 |       |       ||     2
  Eat: Chunk             |       |     3 |    16 |    25 |    30 ||    74
       Fruit             |       |       |       |       |     2 ||     2
Armor: Skin              |    10 |    16 |    42 |    74 |    27 ||   169
Dodge: Dodged            |    26 |    64 |   110 |   118 |    84 ||   402
Block: Other             |    15 |    63 |   118 |   148 |    67 ||   411
       Reflection        |       |       |     3 |    15 |     3 ||    21

Table legend:
 A = Spawn XP
 B = Non-spawn XP
 C = Spawn XP percentage of total XP
 D = Spawn monster count
 E = Non-spawn monster count
 F = Spawn count percentage of total count
 G = Total turns spent on level
                    A         B        C        D         E        F      G
               +---------+---------+-------+---------+---------+-------+---------
         Total |   18230 |   98158 |  15.7 |     123 |     595 |  17.1 | 26272
               +---------+---------+-------+---------+---------+-------+---------
           D:1 |       7 |      38 |  15.6 |       4 |      14 |  22.2 |   757
           D:2 |       0 |     264 |   0.0 |       0 |       9 |   0.0 |   398
           D:3 |      85 |     194 |  30.5 |      12 |      19 |  38.7 |   801
           D:4 |      80 |     969 |   7.6 |       3 |      26 |  10.3 |  1355
           D:5 |     105 |     784 |  11.8 |       8 |      26 |  23.5 |  1045
           D:6 |      23 |     395 |   5.5 |       3 |      12 |  20.0 |  1184
           D:7 |     419 |    1109 |  27.4 |      10 |      19 |  34.5 |  1256
           D:8 |     550 |    1486 |  27.0 |      10 |      30 |  25.0 |  1544
           D:9 |     648 |    2834 |  18.6 |      17 |      29 |  37.0 |  1325
          D:10 |    1263 |    2908 |  30.3 |      11 |      38 |  22.4 |  1525
          D:11 |    2019 |    4934 |  29.0 |       5 |      28 |  15.2 |  1543
          D:12 |    2106 |    5927 |  26.2 |      11 |      51 |  17.7 |  1808
          D:13 |      32 |    7932 |   0.4 |       1 |      35 |   2.8 |  1484
          D:14 |     495 |   14761 |   3.2 |       1 |      27 |   3.6 |   527
        Lair:1 |       0 |    3267 |   0.0 |       0 |      14 |   0.0 |  1070
        Lair:2 |    1527 |    5331 |  22.3 |       3 |      29 |   9.4 |  1185
        Lair:3 |    1703 |    3483 |  32.8 |       8 |      19 |  29.6 |  1300
        Lair:4 |     137 |    8374 |   1.6 |       1 |      25 |   3.8 |  1293
        Lair:5 |     821 |   10745 |   7.1 |       2 |      22 |   8.3 |  1572
        Lair:6 |    6210 |   22121 |  21.9 |      13 |      75 |  14.8 |  2750
         Sewer |       0 |     302 |   0.0 |       0 |      48 |   0.0 |   550
               +---------+---------+-------+---------+---------+-------+---------
